 Dungeon Crawl Stone Soup version 0.31-a0-221-gbddc013574 (webtiles) character file.

Game seed: 13916123236907155436

16681 Maxmaps the Nimble (level 12, 0/100 HPs)
             Began as a Demonspawn Reaver on July 5, 2023.
             Was an Initiate of Gozag.
             Slain by a cane toad (5 damage)
             ... on level 1 of the Lair of Beasts.
             The game lasted 00:17:26 (12832 turns).

Maxmaps the Nimble (Demonspawn Reaver)             Turns: 12832, Time: 00:17:27

Health: 0/100      AC: 17    Str: 17    XL:     12   Next: 12%
Magic:  15/15      EV: 14    Int: 19    God:    Gozag
Gold:   488        SH: 12    Dex: 13    Spells: 14/15 levels left

rFire   + . .        m - +3 dagger (venom)
rCold   . . .        o - +1 kite shield
rNeg    . . .        i - +8 ring mail of Roicvit {Str+5}
rPois   +            (no helmet)
rElec   .            E - +0 cloak {rPois}
rCorr   +            (gloves unavailable)
SInv    .            (no boots)
Will    .....        H - amulet of the acrobat
Stlth   +            c - ring of resist corrosion
HPRegen 0.36/turn    v - ring of protection from fire
MPRegen 0.14/turn

%: acrobat
@: lethally poisoned (0 -> -9)
A: yellow scales 1, powered by pain 1, spiny 2, demonic touch 3
a: Renounce Religion, Potion Petition, Call Merchant, Bribe Branch


You were on level 1 of the Lair of Beasts.
You worshipped Gozag.
Gozag was aware of your devotion.
You visited 3 branches of the dungeon, and saw 14 of its levels.
You also visited: Ossuary.

You collected 2044 gold pieces.
You spent 762 gold pieces at shops.
You paid 794 gold pieces to Gozag.

Inventory:

Hand Weapons
 m - a +3 dagger of venom (weapon)
 K - a +4 scimitar of flaming
Armour
 i - the +8 ring mail of Roicvit (worn) {Str+5}
   (You found it on level 2 of the Dungeon)

   Str:       It affects your strength (+5).
 o - a +1 kite shield (worn)
 u - a +0 pair of gloves
 D - a scarf of repulsion
 E - a +0 cloak of poison resistance (worn)
Jewellery
 c - a ring of resist corrosion (left hand)
 v - a ring of protection from fire (right hand)
 x - a ring of ice
 F - a +6 ring of intelligence
 H - an amulet of the acrobat (around neck)
Wands
 a - a wand of mindburst (9)
 f - a wand of acid (14)
 q - a wand of digging (4)
 G - a wand of polymorph (11)
Scrolls
 b - 4 scrolls of vulnerability
 d - 4 scrolls of revelation
 h - 5 scrolls of teleportation
 k - 2 scrolls of poison
 n - 7 scrolls of noise
 w - 2 scrolls of enchant armour
 y - 2 scrolls of enchant weapon
 z - a scroll of fear
 I - a scroll of identify
 J - 2 scrolls of fog
Potions
 e - 2 potions of brilliance
 g - 6 potions of curing
 j - 5 potions of mutation
 l - 2 potions of enlightenment
 p - a potion of invisibility
 r - 2 potions of heal wounds
 s - 2 potions of cancellation
 t - 2 potions of might
 A - 3 potions of attraction
 B - a potion of ambrosia
 C - 2 potions of magic
 L - 2 potions of berserk rage
 M - a potion of lignification
 N - a potion of haste


   Skills:
 + Level 11.2 Fighting
 - Level 3.2 Polearms
 - Level 5.0 Armour
 - Level 11.2 Dodging
 - Level 9.1 Shields
 - Level 2.0 Spellcasting
 - Level 3.0 Conjurations


You had 14 spell levels left.
You knew the following spells:

 Your Spells              Type           Power      Damage    Failure   Level
a - Kiss of Death         Conj/Necr      28%        2d7       34%         1

Your spell library contained the following spells:

 Spells                   Type           Power      Damage    Failure   Level
 Momentum Strike          Conj/Tloc      14%        3d8       45%         2
 Apportation              Tloc           2%         N/A       54%         1
 Beastly Appendage        Tmut           2%         N/A       54%         1
 Necrotise                Necr           4%         1d4       54%         1
 Sublimation of Blood     Necr           1%         N/A       67%         2
 Hailstorm                Conj/Ice       7%         3d4       71%         3
 Confusing Touch          Hex            1%         N/A       88%         3
 Ignite Poison            Fire/Tmut/Pois 1%         N/A       88%         3
 Vampiric Draining        Necr           1%         2d6       88%         3
 Dispel Undead            Necr           1%         3d6       99%         4
 Manifold Assault         Tloc           1%         N/A       99%         4
 Petrify                  Tmut/Erth      1%         N/A       99%         4
 Agony                    Necr           1%         N/A       100%        5
 Alistair's Intoxication  Tmut/Pois      0%         N/A       100%        5
 Irradiate                Conj/Tmut      3%         3d12      100%        5
 Dispersal                Tloc           0%         N/A       100%        6
 Haunt                    Necr/Summ      0%         N/A       100%        7
 Disjunction              Tloc           0%         N/A       100%        8
 Infestation              Necr           0%         N/A       100%        8
 Animate Dead             Necr           Unusable   N/A       N/A         4

Dungeon Overview and Level Annotations

Branches:
Dungeon (12/15)            Temple (1/1) D:7            Lair (1/5) D:9
    Orc (0/2) D:10        Ossuary (visited)

Altars:
Ashenzari
Cheibriados
Dithmenos
Fedhas
Gozag
Hepliaklqana
Kikubaaqudgha
Makhleb
Nemelex Xobeh
Okawaru
Qazlal
Ru
Sif Muna
Trog
Uskayaw
Vehumet
Wu Jian
Xom
Yredelemnul

Shops:
D:7 [[:!:   D:12 !

Annotations:
D:7 3 runed translucent doors, SirDiesAlot's ghost, novice OpEn


Innate Abilities, Weirdness & Mutations

You are partially covered in yellow scales. (AC +2)
You sometimes gain a little power by taking damage.
You are mostly covered in sharp spines.
Your touch may irresistibly damage your foes and sap their willpower.


Message History

You are poisoned.
The cane toad poisons you!
You swing at nothing.
You feel very sick.
The cane toad is distracted by your dazzling golden aura.
You feel sick.
You see here 7 gold pieces.
You feel better.
The cane toad is no longer distracted by gold.
The cane toad closely misses you.
You hit the cane toad.
The cane toad is moderately wounded.
The cane toad is struck by your spines. The cane toad closely misses you.
The cane toad stings you!
* * * LOW HITPOINT WARNING * * *
You hit the cane toad.
The cane toad is poisoned.
The cane toad is heavily wounded.
The cane toad is struck by your spines. The cane toad stings you!
* * * LOW HITPOINT WARNING * * *
You hit the cane toad but do no damage.
The cane toad is severely wounded.
You block the cane toad's attack.
The cane toad stings you but does no damage.
You closely miss the cane toad.
The cane toad is severely wounded.
You block the cane toad's attack.
You hit the cane toad.
The cane toad looks as sick as possible!
The cane toad is almost dead.
The cane toad stings you.
* * * LOW HITPOINT WARNING * * *
You are lethally poisoned!
The cane toad poisons you!
You barely miss the cane toad.
The cane toad is almost dead.
* * * LOW HITPOINT WARNING * * *
You feel very sick. The cane toad stings you.
You die...
Your body crumbles into a pile of gold.

....###.#..##
#......F...###
..#..............
........## ...
.####.!..### #.## .
###....##.>.# ...
#####......# .
.....##.##F#...### ..
........$@.....# ##...
..#..#..##....####..#..
...#.....#...#.#.....#.
..>.##.................
... .......#...........
.. .........#.###.....
. ..#.#........## ....
.P..............####..
#...#.####.#..........


You could see a cane toad (extremely poisoned).

Vanquished Creatures
  Fannar (D:10)
  2 two-headed ogres
  Erica (D:11)
  2 deep elf pyromancers (D:12)
  A cyclops (D:11)
  5 elephants (Lair:1)
  Maggie (D:7)
  3 cane toads (Lair:1)
  An unseen horror (D:12)
  Psyche (D:8)
  A komodo dragon (D:9)
  A freezing wraith (D:12)
  A troll (D:12)
  Sigmund (D:2)
  A wyvern (Lair:1)
  2 wraiths (D:12)
  6 yaks
  3 steam dragons
  7 vampire mosquitoes
  A basilisk (D:12)
  2 acid dragons (D:11)
  4 water moccasins
  3 ice beasts
  3 sky beasts
  A black bear (D:6)
  4 orc warriors
  11 centaurs
  2 phantoms
  Blork the orc (D:5)
  2 kobold brigands
  6 bullfrogs
  2 scorpions
  12 wights
  14 killer bees
  3 howler monkeys (D:9)
  3 centaur zombies (Ossuary)
  6 hounds
  5 jellies
  6 orc priests
  A human zombie (Ossuary)
  Crazy Yiuf (D:7)
  Ijyb (D:5)
  Natasha (thrice) (D:3)
  5 iguanas
  15 orc wizards
  6 mummies (Ossuary)
  Robin (D:2)
  3 gnolls (D:7)
  9 adders
  3 white imps
  2 ufetubi (D:4)
  2 worms (D:4)
  A dart slug (D:1)
  59 orcs
  8 endoplasms
  4 giant cockroaches
  A gnoll zombie (Ossuary)
  17 goblins
  17 hobgoblins
  4 quokkas
  10 ball pythons
  7 bats
  3 frilled lizards
  2 hobgoblin zombies
  12 kobolds
  2 orc zombies (Ossuary)
  5 rats
336 creatures vanquished.

Notes
Turn   | Place    | Note
-------+----------+-------------------------------------------
     0 | D:1      | Maxmaps the Demonspawn Reaver began the quest for the Orb.
     0 | D:1      | Reached XP level 1. HP: 16/16 MP: 3/3
   294 | D:1      | Gained mutation: You are partially covered in sharp spines.
                  | [demonic ancestry]
   294 | D:1      | Reached XP level 2. HP: 19/22 MP: 5/5
   626 | D:1      | Reached XP level 3. HP: 28/28 MP: 6/6
   864 | D:2      | Noticed Robin
   877 | D:1      | Reached skill level 1 in Armour
  1082 | D:2      | Killed Robin
  1198 | D:2      | Gained mutation: You are partially covered in yellow
                  | scales. (AC +2) [demonic ancestry]
  1198 | D:2      | Reached XP level 4. HP: 34/35 MP: 7/7
  1325 | D:2      | Identified the +8 ring mail of Roicvit {Str+5}
  1460 | D:2      | Found a faded altar of an unknown god.
  1574 | D:2      | Noticed Sigmund
  1583 | D:2      | Killed Sigmund
  1584 | D:2      | Gained mutation: You are mostly covered in sharp spines.
                  | [demonic ancestry]
  1584 | D:2      | Reached XP level 5. HP: 21/41 MP: 8/8
  1584 | D:2      | Reached XP level 6. HP: 24/47 MP: 9/9
  1980 | D:3      | Noticed Natasha
  1990 | D:3      | Killed Natasha
  2014 | D:3      | Noticed Natasha
  2018 | D:3      | Killed Natasha
  2019 | D:3      | Reached skill level 5 in Armour
  2162 | D:3      | Noticed Natasha
  2169 | D:3      | Killed Natasha
  2241 | D:3      | Reached skill level 1 in Shields
  2651 | D:4      | Gained mutation: Your touch may inflict minor irresistible
                  | damage on your foes. [demonic ancestry]
  2651 | D:4      | Reached XP level 7. HP: 52/52 MP: 10/10
  3132 | D:5      | Entered Level 5 of the Dungeon
  3171 | D:5      | Noticed Blork the orc
  3184 | D:5      | Killed Blork the orc
  3237 | D:5      | Reached skill level 5 in Shields
  3333 | D:5      | Gained mutation: You sometimes gain a little power by
                  | taking damage. [demonic ancestry]
  3333 | D:5      | Reached XP level 8. HP: 56/58 MP: 11/11
  3393 | D:5      | Identified the +2 ring mail of Ogrial {Dex+4}
  3615 | D:5      | Noticed Ijyb
  3637 | D:5      | Killed Ijyb
  4069 | D:6      | Found a sand-covered staircase.
  4080 | Ossuary  | Entered an ossuary
  4580 | D:6      | Reached XP level 9. HP: 63/63 MP: 12/12
  4887 | D:7      | Found Vasia's Antique Armour Emporium.
  5016 | D:7      | Found Qunenn's Distillery.
  5042 | D:7      | Bought a potion of heal wounds for 55 gold pieces
  5042 | D:7      | Bought a potion of heal wounds for 55 gold pieces
  5083 | D:7      | Reached skill level 5 in Dodging
  5172 | D:7      | Found a runed translucent gate.
  5172 | D:7      | Found a runed translucent gate.
  5184 | D:7      | Found a runed translucent gate.
  5186 | D:7      | Noticed SirDiesAlot's ghost (novice OpEn)
  5243 | D:7      | Found a staircase to the Ecumenical Temple.
  5259 | D:7      | Noticed Maggie
  5277 | D:7      | Killed Maggie
  5318 | Temple   | Entered the Ecumenical Temple
  5564 | Temple   | Became a worshipper of Gozag Ym Sagoz the Greedy
  5656 | D:7      | Found Ideolu's Armour Boutique.
  5659 | D:7      | Bought a scarf of repulsion for 156 gold pieces
  5681 | D:7      | Found Fegun's Book Boutique.
  5753 | D:7      | Found a runed translucent door.
  5754 | D:7      | Noticed Crazy Yiuf
  5774 | D:7      | Killed Crazy Yiuf
  6082 | D:7      | Found Nyukaxtu's Book Shoppe.
  6250 | D:8      | Gained mutation: Your touch may inflict irresistible damage
                  | on your foes. [demonic ancestry]
  6250 | D:8      | Reached XP level 10. HP: 68/68 MP: 13/13
  6316 | D:8      | Noticed Psyche
  6408 | D:8      | Killed Psyche
  7140 | D:8      | Found a stormy altar of Qazlal.
  8018 | D:9      | Found a staircase to the Lair.
  8353 | D:9      | Reached skill level 10 in Dodging
  8701 | D:10     | Entered Level 10 of the Dungeon
  8866 | D:10     | Noticed a two-headed ogre
  8885 | D:10     | Killed a two-headed ogre
  9021 | D:10     | Noticed Fannar
  9044 | D:10     | Killed Fannar
  9263 | D:10     | Reached XP level 11. HP: 51/75 MP: 14/14
  9610 | D:10     | Found a staircase to the Orcish Mines.
  9899 | D:11     | Reached skill level 5 in Fighting
 10309 | D:11     | Got the Folio of the Coruscating Switch
 10326 | D:11     | Noticed Erica
 10335 | D:11     | Killed Erica
 11141 | D:12     | Noticed a two-headed ogre
 11155 | D:12     | Killed a two-headed ogre
 11212 | D:12     | Found Amamyty's Distillery.
 11216 | D:12     | Bought 2 potions of berserk rage for 160 gold pieces
 11216 | D:12     | Bought a potion of lignification for 48 gold pieces
 11216 | D:12     | Bought a potion of haste for 160 gold pieces
 11216 | D:12     | Bought a potion of cancellation for 128 gold pieces
 11264 | D:12     | Noticed a deep elf pyromancer
 11279 | D:12     | Killed a deep elf pyromancer
 11869 | D:12     | Noticed a deep elf pyromancer
 11875 | D:12     | Killed a deep elf pyromancer
 11896 | D:12     | HP: 2/89 [freezing wraith (10)]
 12452 | Lair:1   | Entered Level 1 of the Lair of Beasts
 12506 | Lair:1   | Reached skill level 10 in Fighting
 12531 | Lair:1   | HP: 1/92 [wyvern (12)]
 12748 | Lair:1   | Gained mutation: Your touch may irresistibly damage your
                  | foes and sap their willpower. [demonic ancestry]
 12748 | Lair:1   | Reached XP level 12. HP: 55/99 MP: 15/15
 12832 | Lair:1   | HP: 5/100 [poisoned by a cane toad]
 12832 | Lair:1   | Slain by a cane toad

Illustrated notes

Levels and vault maps discovered:
D:1:      minmay_arrival_open_corners, layout_loops_ring, hangedman_decor_push
D:2:      layout_loops_ring, chequers_ecumenical_altar_grove,
          minmay_hexomino_r4, uniq_sigmund, uniq_robin
D:3:      layout_rooms, uniq_natasha
D:4:      layout_loops_ring, minmay_increasing_density
D:5:      layout_cave_pools, uniq_ijyb, uniq_blork_the_orc
D:6:      layout_gridville, enter_ossuary_3, moated_statue
D:7:      layout_loops_cross, minmay_temple_entry_glass,
          ebering_ghost_rock_garden, serial_shops, shop,
          nicolae_shop_real_fake_doors, nicolae_shop_stone,
          nicolae_lakefront_shop, shop, uniq_crazy_yiuf_cottage, uniq_maggie
D:8:      layout_gridville, nicolae_qazlal_general_emergency, special_room
          [special_room_orc], uniq_psyche
D:9:      layout_long_grid, david_lair_shrubbed
D:10:     layout_cross, orc_0_dummy, kennysheep_generic_room_3, uniq_fannar
D:11:     layout_stronghold, uniq_erica
D:12:     layout_grid_maze, serial_shops, shop
Temple:   nicolae_temple_the_god_donut
Lair:1:   layout_misc_corridors, eino_small_chamber_without_monster,
          beast_lair_carwin_3, serial_bayou_shore_b, lemuel_fruit_fields

Skill      XL: |  1  2  3  4  5  6  7  8  9 10 11 12 |
---------------+-------------------------------------+-----
Polearms       | 3 |  3.2
Fighting       | 3 10 11 | 11.2
Armour         | 2 4 5 |  5.0
Shields        | 2 5 8 9 |  9.1
Dodging        | 7 11 | 11.2
Spellcasting   | |  2.0
Conjurations   | |  3.0

Action                     |  1- 3 |  4- 6 |  7- 9 | 10-12 || total
---------------------------+-------+-------+-------+-------++-------
  Melee: Spear             |    96 |       |       |       ||    96
         Dagger            |    20 |   109 |   431 |   645 ||  1205
         Unarmed           |       |       |       |    19 ||    19
 Invoke: Potion Petition   |       |       |       |     1 ||     1
    Use: Scroll            |       |       |    14 |     5 ||    19
         Potion            |       |       |       |     6 ||     6
   Stab: Distracted        |       |       |       |     1 ||     1
 Armour: Leather armour    |     8 |       |       |       ||     8
         Chain mail        |    31 |    10 |       |       ||    41
         Ring mail         |       |    39 |   162 |   318 ||   519
  Dodge: Dodged            |    47 |    33 |   152 |   457 ||   689
  Block: Kite shield       |       |    19 |   219 |   523 ||   761

Table legend: (Time is in decaauts)
 A = Elapsed time spent in this place.
 B = Non-inter-level travel time spent in this place.
 C = Inter-level travel time spent in this place.
 D = Time resting spent in this place.
 E = Time spent auto-exploring this place.
 F = Levels seen in this place.
 G = Mean time per level.
                   A        B        C        D        E       F      G
               +--------+--------+--------+--------+--------+-----+--------+
         Total |  12994 |  12492 |    502 |   2122 |   7585 |  15 |  866.3 |
       Dungeon |  12008 |  11526 |    482 |   1961 |   7185 |  12 | 1000.7 |
        Temple |    258 |    238 |     20 |      0 |    221 |   1 |  258.0 |
          Lair |    396 |    396 |      0 |    161 |     41 |   1 |  396.0 |
       Ossuary |    330 |    330 |      0 |      0 |    138 |   1 |  330.0 |
               +--------+--------+--------+--------+--------+-----+--------+

Top non-repeatable levels by time:
    D:12: 1617 daAuts
     D:8: 1529 daAuts
     D:7: 1209 daAuts
    D:10: 1121 daAuts
    D:11: 1088 daAuts
     D:1: 1049 daAuts
     D:5: 915 daAuts
     D:4: 884 daAuts
     D:9: 858 daAuts
     D:2: 850 daAuts
     D:6: 529 daAuts
  Lair:1: 396 daAuts
     D:3: 354 daAuts
 Ossuary: 330 daAuts
  Temple: 258 daAuts
